%YAML 1.1
%TAG !u! tag:unity3d.com,2011:
--- !u!114 &11400000
MonoBehaviour:
  m_ObjectHideFlags: 0
  m_PrefabParentObject: {fileID: 0}
  m_PrefabInternal: {fileID: 0}
  m_GameObject: {fileID: 0}
  m_Enabled: 1
  m_EditorHideFlags: 0
  m_Script: {fileID: 11500000, guid: d32cf7c32a3ed8347bac48ef5ed56d82, type: 3}
  m_Name: FMODStudioCache
  m_EditorClassIdentifier: 
  EditorBanks:
  - {fileID: 114419944997080482}
  - {fileID: 114911357594057584}
  EditorEvents:
  - {fileID: 114132265720848624}
  MasterBankRef: {fileID: 114911357594057584}
  StringsBankRef: {fileID: 114419944997080482}
  stringsBankWriteTime: 636527367282296563
  cacheVersion: 2
--- !u!114 &114002496641138034
MonoBehaviour:
  m_ObjectHideFlags: 0
  m_PrefabParentObject: {fileID: 0}
  m_PrefabInternal: {fileID: 0}
  m_GameObject: {fileID: 0}
  m_Enabled: 1
  m_EditorHideFlags: 0
  m_Script: {fileID: 11500000, guid: fecb8ef7f94ca804a8ab72049b86782e, type: 3}
  m_Name: 
  m_EditorClassIdentifier: 
  Name: ClassicalPoints
  Min: 0
  Max: 10
  Default: 0
--- !u!114 &114008372023613344
MonoBehaviour:
  m_ObjectHideFlags: 0
  m_PrefabParentObject: {fileID: 0}
  m_PrefabInternal: {fileID: 0}
  m_GameObject: {fileID: 0}
  m_Enabled: 1
  m_EditorHideFlags: 0
  m_Script: {fileID: 11500000, guid: fecb8ef7f94ca804a8ab72049b86782e, type: 3}
  m_Name: 
  m_EditorClassIdentifier: 
  Name: RoundWin
  Min: 0
  Max: 3
  Default: 0
--- !u!114 &114046419785334628
MonoBehaviour:
  m_ObjectHideFlags: 0
  m_PrefabParentObject: {fileID: 0}
  m_PrefabInternal: {fileID: 0}
  m_GameObject: {fileID: 0}
  m_Enabled: 1
  m_EditorHideFlags: 0
  m_Script: {fileID: 11500000, guid: fecb8ef7f94ca804a8ab72049b86782e, type: 3}
  m_Name: 
  m_EditorClassIdentifier: 
  Name: WinCondition
  Min: 0
  Max: 4
  Default: 0
--- !u!114 &114049206669065904
MonoBehaviour:
  m_ObjectHideFlags: 0
  m_PrefabParentObject: {fileID: 0}
  m_PrefabInternal: {fileID: 0}
  m_GameObject: {fileID: 0}
  m_Enabled: 1
  m_EditorHideFlags: 0
  m_Script: {fileID: 11500000, guid: ceb653cd98e289a4e8697a1af55201f2, type: 3}
  m_Name: 
  m_EditorClassIdentifier: 
  Path: event:/Music
  guid: 5b8296342249c449963640fb620f2342
  Banks:
  - {fileID: 114178429535520758}
  IsStream: 1
  Is3D: 0
  IsOneShot: 0
  Parameters:
  - {fileID: 114757970354322800}
  - {fileID: 114654331778663270}
  - {fileID: 114388117666006210}
  - {fileID: 114932920875784548}
  MinDistance: 0
  MaxDistance: 0
  Length: 52800
--- !u!114 &114057564635597882
MonoBehaviour:
  m_ObjectHideFlags: 0
  m_PrefabParentObject: {fileID: 0}
  m_PrefabInternal: {fileID: 0}
  m_GameObject: {fileID: 0}
  m_Enabled: 1
  m_EditorHideFlags: 0
  m_Script: {fileID: 11500000, guid: fecb8ef7f94ca804a8ab72049b86782e, type: 3}
  m_Name: 
  m_EditorClassIdentifier: 
  Name: WinCondition
  Min: 0
  Max: 4
  Default: 0
--- !u!114 &114060756605594304
MonoBehaviour:
  m_ObjectHideFlags: 0
  m_PrefabParentObject: {fileID: 0}
  m_PrefabInternal: {fileID: 0}
  m_GameObject: {fileID: 0}
  m_Enabled: 1
  m_EditorHideFlags: 0
  m_Script: {fileID: 11500000, guid: c18180ecb35941f4682ae60107b85b7c, type: 3}
  m_Name: 
  m_EditorClassIdentifier: 
  Path: C:\Users\gamejam\Desktop\GGJ18\Build\Desktop\Master Bank.bank
  lastModified: 636527319905041623
  LoadResult: 0
  FileSizes:
  - Name: Desktop
    Value: 2118272
  Exists: 1
--- !u!114 &114070132953523578
MonoBehaviour:
  m_ObjectHideFlags: 0
  m_PrefabParentObject: {fileID: 0}
  m_PrefabInternal: {fileID: 0}
  m_GameObject: {fileID: 0}
  m_Enabled: 1
  m_EditorHideFlags: 0
  m_Script: {fileID: 11500000, guid: fecb8ef7f94ca804a8ab72049b86782e, type: 3}
  m_Name: 
  m_EditorClassIdentifier: 
  Name: RoundWin
  Min: 0
  Max: 3
  Default: 0
--- !u!114 &114071337974068858
MonoBehaviour:
  m_ObjectHideFlags: 0
  m_PrefabParentObject: {fileID: 0}
  m_PrefabInternal: {fileID: 0}
  m_GameObject: {fileID: 0}
  m_Enabled: 1
  m_EditorHideFlags: 0
  m_Script: {fileID: 11500000, guid: fecb8ef7f94ca804a8ab72049b86782e, type: 3}
  m_Name: 
  m_EditorClassIdentifier: 
  Name: RoundWin
  Min: 0
  Max: 3
  Default: 0
--- !u!114 &114077432997984200
MonoBehaviour:
  m_ObjectHideFlags: 0
  m_PrefabParentObject: {fileID: 0}
  m_PrefabInternal: {fileID: 0}
  m_GameObject: {fileID: 0}
  m_Enabled: 1
  m_EditorHideFlags: 0
  m_Script: {fileID: 11500000, guid: fecb8ef7f94ca804a8ab72049b86782e, type: 3}
  m_Name: 
  m_EditorClassIdentifier: 
  Name: ClassicalPoints
  Min: 0
  Max: 10
  Default: 0
--- !u!114 &114087502202032422
MonoBehaviour:
  m_ObjectHideFlags: 0
  m_PrefabParentObject: {fileID: 0}
  m_PrefabInternal: {fileID: 0}
  m_GameObject: {fileID: 0}
  m_Enabled: 1
  m_EditorHideFlags: 0
  m_Script: {fileID: 11500000, guid: fecb8ef7f94ca804a8ab72049b86782e, type: 3}
  m_Name: 
  m_EditorClassIdentifier: 
  Name: RoundWin
  Min: 0
  Max: 3
  Default: 0
--- !u!114 &114091451609301890
MonoBehaviour:
  m_ObjectHideFlags: 0
  m_PrefabParentObject: {fileID: 0}
  m_PrefabInternal: {fileID: 0}
  m_GameObject: {fileID: 0}
  m_Enabled: 1
  m_EditorHideFlags: 0
  m_Script: {fileID: 11500000, guid: fecb8ef7f94ca804a8ab72049b86782e, type: 3}
  m_Name: 
  m_EditorClassIdentifier: 
  Name: ElectroPoints
  Min: 0
  Max: 10
  Default: 0
--- !u!114 &114095739751604882
MonoBehaviour:
  m_ObjectHideFlags: 0
  m_PrefabParentObject: {fileID: 0}
  m_PrefabInternal: {fileID: 0}
  m_GameObject: {fileID: 0}
  m_Enabled: 1
  m_EditorHideFlags: 0
  m_Script: {fileID: 11500000, guid: fecb8ef7f94ca804a8ab72049b86782e, type: 3}
  m_Name: 
  m_EditorClassIdentifier: 
  Name: WinCondition
  Min: 0
  Max: 4
  Default: 0
--- !u!114 &114099123811012740
MonoBehaviour:
  m_ObjectHideFlags: 0
  m_PrefabParentObject: {fileID: 0}
  m_PrefabInternal: {fileID: 0}
  m_GameObject: {fileID: 0}
  m_Enabled: 1
  m_EditorHideFlags: 0
  m_Script: {fileID: 11500000, guid: fecb8ef7f94ca804a8ab72049b86782e, type: 3}
  m_Name: 
  m_EditorClassIdentifier: 
  Name: WinCondition
  Min: 0
  Max: 4
  Default: 0
--- !u!114 &114107063838660128
MonoBehaviour:
  m_ObjectHideFlags: 0
  m_PrefabParentObject: {fileID: 0}
  m_PrefabInternal: {fileID: 0}
  m_GameObject: {fileID: 0}
  m_Enabled: 1
  m_EditorHideFlags: 0
  m_Script: {fileID: 11500000, guid: c18180ecb35941f4682ae60107b85b7c, type: 3}
  m_Name: 
  m_EditorClassIdentifier: 
  Path: C:\Users\gamejam\Desktop\GGJ18\Build\Desktop\Master Bank.bank
  lastModified: 636526711527170477
  LoadResult: 0
  FileSizes:
  - Name: Desktop
    Value: 2117792
  Exists: 1
--- !u!114 &114110641600174724
MonoBehaviour:
  m_ObjectHideFlags: 0
  m_PrefabParentObject: {fileID: 0}
  m_PrefabInternal: {fileID: 0}
  m_GameObject: {fileID: 0}
  m_Enabled: 1
  m_EditorHideFlags: 0
  m_Script: {fileID: 11500000, guid: fecb8ef7f94ca804a8ab72049b86782e, type: 3}
  m_Name: 
  m_EditorClassIdentifier: 
  Name: WinCondition
  Min: 0
  Max: 4
  Default: 0
--- !u!114 &114120470551872448
MonoBehaviour:
  m_ObjectHideFlags: 0
  m_PrefabParentObject: {fileID: 0}
  m_PrefabInternal: {fileID: 0}
  m_GameObject: {fileID: 0}
  m_Enabled: 1
  m_EditorHideFlags: 0
  m_Script: {fileID: 11500000, guid: fecb8ef7f94ca804a8ab72049b86782e, type: 3}
  m_Name: 
  m_EditorClassIdentifier: 
  Name: RoundWin
  Min: 0
  Max: 3
  Default: 0
--- !u!114 &114123951873951714
MonoBehaviour:
  m_ObjectHideFlags: 0
  m_PrefabParentObject: {fileID: 0}
  m_PrefabInternal: {fileID: 0}
  m_GameObject: {fileID: 0}
  m_Enabled: 1
  m_EditorHideFlags: 0
  m_Script: {fileID: 11500000, guid: fecb8ef7f94ca804a8ab72049b86782e, type: 3}
  m_Name: 
  m_EditorClassIdentifier: 
  Name: ClassicalPoints
  Min: 0
  Max: 15
  Default: 0
--- !u!114 &114131451758030830
MonoBehaviour:
  m_ObjectHideFlags: 0
  m_PrefabParentObject: {fileID: 0}
  m_PrefabInternal: {fileID: 0}
  m_GameObject: {fileID: 0}
  m_Enabled: 1
  m_EditorHideFlags: 0
  m_Script: {fileID: 11500000, guid: fecb8ef7f94ca804a8ab72049b86782e, type: 3}
  m_Name: 
  m_EditorClassIdentifier: 
  Name: ElectroPoints
  Min: 0
  Max: 10
  Default: 0
--- !u!114 &114132265720848624
MonoBehaviour:
  m_ObjectHideFlags: 0
  m_PrefabParentObject: {fileID: 0}
  m_PrefabInternal: {fileID: 0}
  m_GameObject: {fileID: 0}
  m_Enabled: 1
  m_EditorHideFlags: 0
  m_Script: {fileID: 11500000, guid: ceb653cd98e289a4e8697a1af55201f2, type: 3}
  m_Name: 
  m_EditorClassIdentifier: 
  Path: event:/Music
  guid: 5b8296342249c449963640fb620f2342
  Banks:
  - {fileID: 114911357594057584}
  IsStream: 1
  Is3D: 0
  IsOneShot: 0
  Parameters:
  - {fileID: 114942353340667676}
  - {fileID: 114110641600174724}
  - {fileID: 114230753703256754}
  - {fileID: 114991526379115010}
  MinDistance: 0
  MaxDistance: 0
  Length: 52800
--- !u!114 &114140026642434736
MonoBehaviour:
  m_ObjectHideFlags: 0
  m_PrefabParentObject: {fileID: 0}
  m_PrefabInternal: {fileID: 0}
  m_GameObject: {fileID: 0}
  m_Enabled: 1
  m_EditorHideFlags: 0
  m_Script: {fileID: 11500000, guid: fecb8ef7f94ca804a8ab72049b86782e, type: 3}
  m_Name: 
  m_EditorClassIdentifier: 
  Name: RoundWin
  Min: 0
  Max: 3
  Default: 0
--- !u!114 &114146872779827286
MonoBehaviour:
  m_ObjectHideFlags: 0
  m_PrefabParentObject: {fileID: 0}
  m_PrefabInternal: {fileID: 0}
  m_GameObject: {fileID: 0}
  m_Enabled: 1
  m_EditorHideFlags: 0
  m_Script: {fileID: 11500000, guid: fecb8ef7f94ca804a8ab72049b86782e, type: 3}
  m_Name: 
  m_EditorClassIdentifier: 
  Name: WinCondition
  Min: 0
  Max: 4
  Default: 0
--- !u!114 &114161078036997358
MonoBehaviour:
  m_ObjectHideFlags: 0
  m_PrefabParentObject: {fileID: 0}
  m_PrefabInternal: {fileID: 0}
  m_GameObject: {fileID: 0}
  m_Enabled: 1
  m_EditorHideFlags: 0
  m_Script: {fileID: 11500000, guid: fecb8ef7f94ca804a8ab72049b86782e, type: 3}
  m_Name: 
  m_EditorClassIdentifier: 
  Name: RoundWin
  Min: 0
  Max: 3
  Default: 0
--- !u!114 &114166474995234810
MonoBehaviour:
  m_ObjectHideFlags: 0
  m_PrefabParentObject: {fileID: 0}
  m_PrefabInternal: {fileID: 0}
  m_GameObject: {fileID: 0}
  m_Enabled: 1
  m_EditorHideFlags: 0
  m_Script: {fileID: 11500000, guid: fecb8ef7f94ca804a8ab72049b86782e, type: 3}
  m_Name: 
  m_EditorClassIdentifier: 
  Name: ElectroPoints
  Min: 0
  Max: 10
  Default: 0
--- !u!114 &114177637213162176
MonoBehaviour:
  m_ObjectHideFlags: 0
  m_PrefabParentObject: {fileID: 0}
  m_PrefabInternal: {fileID: 0}
  m_GameObject: {fileID: 0}
  m_Enabled: 1
  m_EditorHideFlags: 0
  m_Script: {fileID: 11500000, guid: fecb8ef7f94ca804a8ab72049b86782e, type: 3}
  m_Name: 
  m_EditorClassIdentifier: 
  Name: ElectroPoints
  Min: 0
  Max: 10
  Default: 0
--- !u!114 &114178429535520758
MonoBehaviour:
  m_ObjectHideFlags: 0
  m_PrefabParentObject: {fileID: 0}
  m_PrefabInternal: {fileID: 0}
  m_GameObject: {fileID: 0}
  m_Enabled: 1
  m_EditorHideFlags: 0
  m_Script: {fileID: 11500000, guid: c18180ecb35941f4682ae60107b85b7c, type: 3}
  m_Name: 
  m_EditorClassIdentifier: 
  Path: C:\Users\gamejam\Desktop\GGJ18\Build\Desktop\Master Bank.bank
  lastModified: 636526840484767891
  LoadResult: 0
  FileSizes:
  - Name: Desktop
    Value: 2118272
  Exists: 1
--- !u!114 &114179343825255482
MonoBehaviour:
  m_ObjectHideFlags: 0
  m_PrefabParentObject: {fileID: 0}
  m_PrefabInternal: {fileID: 0}
  m_GameObject: {fileID: 0}
  m_Enabled: 1
  m_EditorHideFlags: 0
  m_Script: {fileID: 11500000, guid: fecb8ef7f94ca804a8ab72049b86782e, type: 3}
  m_Name: 
  m_EditorClassIdentifier: 
  Name: WinCondition
  Min: 0
  Max: 4
  Default: 0
--- !u!114 &114186985709077708
MonoBehaviour:
  m_ObjectHideFlags: 0
  m_PrefabParentObject: {fileID: 0}
  m_PrefabInternal: {fileID: 0}
  m_GameObject: {fileID: 0}
  m_Enabled: 1
  m_EditorHideFlags: 0
  m_Script: {fileID: 11500000, guid: fecb8ef7f94ca804a8ab72049b86782e, type: 3}
  m_Name: 
  m_EditorClassIdentifier: 
  Name: WinCondition
  Min: 0
  Max: 4
  Default: 0
--- !u!114 &114193482651393258
MonoBehaviour:
  m_ObjectHideFlags: 0
  m_PrefabParentObject: {fileID: 0}
  m_PrefabInternal: {fileID: 0}
  m_GameObject: {fileID: 0}
  m_Enabled: 1
  m_EditorHideFlags: 0
  m_Script: {fileID: 11500000, guid: fecb8ef7f94ca804a8ab72049b86782e, type: 3}
  m_Name: 
  m_EditorClassIdentifier: 
  Name: RoundWin
  Min: 0
  Max: 2
  Default: 0
--- !u!114 &114194175027295150
MonoBehaviour:
  m_ObjectHideFlags: 0
  m_PrefabParentObject: {fileID: 0}
  m_PrefabInternal: {fileID: 0}
  m_GameObject: {fileID: 0}
  m_Enabled: 1
  m_EditorHideFlags: 0
  m_Script: {fileID: 11500000, guid: fecb8ef7f94ca804a8ab72049b86782e, type: 3}
  m_Name: 
  m_EditorClassIdentifier: 
  Name: WinCondition
  Min: 0
  Max: 4
  Default: 0
--- !u!114 &114209964175754116
MonoBehaviour:
  m_ObjectHideFlags: 0
  m_PrefabParentObject: {fileID: 0}
  m_PrefabInternal: {fileID: 0}
  m_GameObject: {fileID: 0}
  m_Enabled: 1
  m_EditorHideFlags: 0
  m_Script: {fileID: 11500000, guid: fecb8ef7f94ca804a8ab72049b86782e, type: 3}
  m_Name: 
  m_EditorClassIdentifier: 
  Name: WinCondition
  Min: 0
  Max: 4
  Default: 0
--- !u!114 &114220892177922066
MonoBehaviour:
  m_ObjectHideFlags: 0
  m_PrefabParentObject: {fileID: 0}
  m_PrefabInternal: {fileID: 0}
  m_GameObject: {fileID: 0}
  m_Enabled: 1
  m_EditorHideFlags: 0
  m_Script: {fileID: 11500000, guid: fecb8ef7f94ca804a8ab72049b86782e, type: 3}
  m_Name: 
  m_EditorClassIdentifier: 
  Name: ElectroPoints
  Min: 0
  Max: 20
  Default: 0
--- !u!114 &114222465261011824
MonoBehaviour:
  m_ObjectHideFlags: 0
  m_PrefabParentObject: {fileID: 0}
  m_PrefabInternal: {fileID: 0}
  m_GameObject: {fileID: 0}
  m_Enabled: 1
  m_EditorHideFlags: 0
  m_Script: {fileID: 11500000, guid: c18180ecb35941f4682ae60107b85b7c, type: 3}
  m_Name: 
  m_EditorClassIdentifier: 
  Path: C:\Users\gamejam\Desktop\GGJ18\Build\Desktop\Master Bank.strings.bank
  lastModified: 636526840484777891
  LoadResult: 0
  FileSizes:
  - Name: Desktop
    Value: 716
  Exists: 1
--- !u!114 &114230753703256754
MonoBehaviour:
  m_ObjectHideFlags: 0
  m_PrefabParentObject: {fileID: 0}
  m_PrefabInternal: {fileID: 0}
  m_GameObject: {fileID: 0}
  m_Enabled: 1
  m_EditorHideFlags: 0
  m_Script: {fileID: 11500000, guid: fecb8ef7f94ca804a8ab72049b86782e, type: 3}
  m_Name: 
  m_EditorClassIdentifier: 
  Name: RoundWin
  Min: 0
  Max: 3
  Default: 0
--- !u!114 &114233407909594664
MonoBehaviour:
  m_ObjectHideFlags: 0
  m_PrefabParentObject: {fileID: 0}
  m_PrefabInternal: {fileID: 0}
  m_GameObject: {fileID: 0}
  m_Enabled: 1
  m_EditorHideFlags: 0
  m_Script: {fileID: 11500000, guid: fecb8ef7f94ca804a8ab72049b86782e, type: 3}
  m_Name: 
  m_EditorClassIdentifier: 
  Name: ClassicalPoints
  Min: 0
  Max: 10
  Default: 0
--- !u!114 &114233871119429820
MonoBehaviour:
  m_ObjectHideFlags: 0
  m_PrefabParentObject: {fileID: 0}
  m_PrefabInternal: {fileID: 0}
  m_GameObject: {fileID: 0}
  m_Enabled: 1
  m_EditorHideFlags: 0
  m_Script: {fileID: 11500000, guid: fecb8ef7f94ca804a8ab72049b86782e, type: 3}
  m_Name: 
  m_EditorClassIdentifier: 
  Name: WinCondition
  Min: 0
  Max: 4
  Default: 0
--- !u!114 &114235138444070850
MonoBehaviour:
  m_ObjectHideFlags: 0
  m_PrefabParentObject: {fileID: 0}
  m_PrefabInternal: {fileID: 0}
  m_GameObject: {fileID: 0}
  m_Enabled: 1
  m_EditorHideFlags: 0
  m_Script: {fileID: 11500000, guid: ceb653cd98e289a4e8697a1af55201f2, type: 3}
  m_Name: 
  m_EditorClassIdentifier: 
  Path: event:/Music
  guid: 5b8296342249c449963640fb620f2342
  Banks:
  - {fileID: 114107063838660128}
  IsStream: 1
  Is3D: 0
  IsOneShot: 0
  Parameters:
  - {fileID: 114242429852329438}
  - {fileID: 114300828043201164}
  - {fileID: 114988723881742360}
  - {fileID: 114233407909594664}
  MinDistance: 0
  MaxDistance: 0
  Length: 52800
--- !u!114 &114242429852329438
MonoBehaviour:
  m_ObjectHideFlags: 0
  m_PrefabParentObject: {fileID: 0}
  m_PrefabInternal: {fileID: 0}
  m_GameObject: {fileID: 0}
  m_Enabled: 1
  m_EditorHideFlags: 0
  m_Script: {fileID: 11500000, guid: fecb8ef7f94ca804a8ab72049b86782e, type: 3}
  m_Name: 
  m_EditorClassIdentifier: 
  Name: ElectroPoints
  Min: 0
  Max: 10
  Default: 0
--- !u!114 &114258629650563276
MonoBehaviour:
  m_ObjectHideFlags: 0
  m_PrefabParentObject: {fileID: 0}
  m_PrefabInternal: {fileID: 0}
  m_GameObject: {fileID: 0}
  m_Enabled: 1
  m_EditorHideFlags: 0
  m_Script: {fileID: 11500000, guid: fecb8ef7f94ca804a8ab72049b86782e, type: 3}
  m_Name: 
  m_EditorClassIdentifier: 
  Name: ClassicalPoints
  Min: 0
  Max: 15
  Default: 0
--- !u!114 &114260883281002816
MonoBehaviour:
  m_ObjectHideFlags: 0
  m_PrefabParentObject: {fileID: 0}
  m_PrefabInternal: {fileID: 0}
  m_GameObject: {fileID: 0}
  m_Enabled: 1
  m_EditorHideFlags: 0
  m_Script: {fileID: 11500000, guid: fecb8ef7f94ca804a8ab72049b86782e, type: 3}
  m_Name: 
  m_EditorClassIdentifier: 
  Name: ElectroPoints
  Min: 0
  Max: 10
  Default: 0
--- !u!114 &114267726295285660
MonoBehaviour:
  m_ObjectHideFlags: 0
  m_PrefabParentObject: {fileID: 0}
  m_PrefabInternal: {fileID: 0}
  m_GameObject: {fileID: 0}
  m_Enabled: 1
  m_EditorHideFlags: 0
  m_Script: {fileID: 11500000, guid: fecb8ef7f94ca804a8ab72049b86782e, type: 3}
  m_Name: 
  m_EditorClassIdentifier: 
  Name: ClassicalPoints
  Min: 0
  Max: 20
  Default: 0
--- !u!114 &114276973532896098
MonoBehaviour:
  m_ObjectHideFlags: 0
  m_PrefabParentObject: {fileID: 0}
  m_PrefabInternal: {fileID: 0}
  m_GameObject: {fileID: 0}
  m_Enabled: 1
  m_EditorHideFlags: 0
  m_Script: {fileID: 11500000, guid: fecb8ef7f94ca804a8ab72049b86782e, type: 3}
  m_Name: 
  m_EditorClassIdentifier: 
  Name: ClassicalPoints
  Min: 0
  Max: 10
  Default: 0
--- !u!114 &114283668956201518
MonoBehaviour:
  m_ObjectHideFlags: 0
  m_PrefabParentObject: {fileID: 0}
  m_PrefabInternal: {fileID: 0}
  m_GameObject: {fileID: 0}
  m_Enabled: 1
  m_EditorHideFlags: 0
  m_Script: {fileID: 11500000, guid: fecb8ef7f94ca804a8ab72049b86782e, type: 3}
  m_Name: 
  m_EditorClassIdentifier: 
  Name: WinCondition
  Min: 0
  Max: 2
  Default: 0
--- !u!114 &114284945867187562
MonoBehaviour:
  m_ObjectHideFlags: 0
  m_PrefabParentObject: {fileID: 0}
  m_PrefabInternal: {fileID: 0}
  m_GameObject: {fileID: 0}
  m_Enabled: 1
  m_EditorHideFlags: 0
  m_Script: {fileID: 11500000, guid: fecb8ef7f94ca804a8ab72049b86782e, type: 3}
  m_Name: 
  m_EditorClassIdentifier: 
  Name: ClassicalPoints
  Min: 0
  Max: 15
  Default: 0
--- !u!114 &114293370970589420
MonoBehaviour:
  m_ObjectHideFlags: 0
  m_PrefabParentObject: {fileID: 0}
  m_PrefabInternal: {fileID: 0}
  m_GameObject: {fileID: 0}
  m_Enabled: 1
  m_EditorHideFlags: 0
  m_Script: {fileID: 11500000, guid: fecb8ef7f94ca804a8ab72049b86782e, type: 3}
  m_Name: 
  m_EditorClassIdentifier: 
  Name: WinCondition
  Min: 0
  Max: 4
  Default: 0
--- !u!114 &114295542812165354
MonoBehaviour:
  m_ObjectHideFlags: 0
  m_PrefabParentObject: {fileID: 0}
  m_PrefabInternal: {fileID: 0}
  m_GameObject: {fileID: 0}
  m_Enabled: 1
  m_EditorHideFlags: 0
  m_Script: {fileID: 11500000, guid: fecb8ef7f94ca804a8ab72049b86782e, type: 3}
  m_Name: 
  m_EditorClassIdentifier: 
  Name: ElectroPoints
  Min: 0
  Max: 10
  Default: 0
--- !u!114 &114296839112388936
MonoBehaviour:
  m_ObjectHideFlags: 0
  m_PrefabParentObject: {fileID: 0}
  m_PrefabInternal: {fileID: 0}
  m_GameObject: {fileID: 0}
  m_Enabled: 1
  m_EditorHideFlags: 0
  m_Script: {fileID: 11500000, guid: ceb653cd98e289a4e8697a1af55201f2, type: 3}
  m_Name: 
  m_EditorClassIdentifier: 
  Path: event:/Music
  guid: 5b8296342249c449963640fb620f2342
  Banks:
  - {fileID: 114922136526778022}
  IsStream: 1
  Is3D: 0
  IsOneShot: 0
  Parameters:
  - {fileID: 114785398980759840}
  - {fileID: 114881408454780502}
  - {fileID: 114558151380726488}
  - {fileID: 114571730286544018}
  MinDistance: 0
  MaxDistance: 0
  Length: 52800
--- !u!114 &114300828043201164
MonoBehaviour:
  m_ObjectHideFlags: 0
  m_PrefabParentObject: {fileID: 0}
  m_PrefabInternal: {fileID: 0}
  m_GameObject: {fileID: 0}
  m_Enabled: 1
  m_EditorHideFlags: 0
  m_Script: {fileID: 11500000, guid: fecb8ef7f94ca804a8ab72049b86782e, type: 3}
  m_Name: 
  m_EditorClassIdentifier: 
  Name: WinCondition
  Min: 0
  Max: 4
  Default: 0
--- !u!114 &114302893981648512
MonoBehaviour:
  m_ObjectHideFlags: 0
  m_PrefabParentObject: {fileID: 0}
  m_PrefabInternal: {fileID: 0}
  m_GameObject: {fileID: 0}
  m_Enabled: 1
  m_EditorHideFlags: 0
  m_Script: {fileID: 11500000, guid: fecb8ef7f94ca804a8ab72049b86782e, type: 3}
  m_Name: 
  m_EditorClassIdentifier: 
  Name: WinCondition
  Min: 0
  Max: 4
  Default: 0
--- !u!114 &114304114135319378
MonoBehaviour:
  m_ObjectHideFlags: 0
  m_PrefabParentObject: {fileID: 0}
  m_PrefabInternal: {fileID: 0}
  m_GameObject: {fileID: 0}
  m_Enabled: 1
  m_EditorHideFlags: 0
  m_Script: {fileID: 11500000, guid: fecb8ef7f94ca804a8ab72049b86782e, type: 3}
  m_Name: 
  m_EditorClassIdentifier: 
  Name: ClassicalPoints
  Min: 0
  Max: 10
  Default: 0
--- !u!114 &114352641132500814
MonoBehaviour:
  m_ObjectHideFlags: 0
  m_PrefabParentObject: {fileID: 0}
  m_PrefabInternal: {fileID: 0}
  m_GameObject: {fileID: 0}
  m_Enabled: 1
  m_EditorHideFlags: 0
  m_Script: {fileID: 11500000, guid: fecb8ef7f94ca804a8ab72049b86782e, type: 3}
  m_Name: 
  m_EditorClassIdentifier: 
  Name: RoundWin
  Min: 0
  Max: 3
  Default: 0
--- !u!114 &114362059352445610
MonoBehaviour:
  m_ObjectHideFlags: 0
  m_PrefabParentObject: {fileID: 0}
  m_PrefabInternal: {fileID: 0}
  m_GameObject: {fileID: 0}
  m_Enabled: 1
  m_EditorHideFlags: 0
  m_Script: {fileID: 11500000, guid: fecb8ef7f94ca804a8ab72049b86782e, type: 3}
  m_Name: 
  m_EditorClassIdentifier: 
  Name: ClassicalPoints
  Min: 0
  Max: 15
  Default: 0
--- !u!114 &114366148762813414
MonoBehaviour:
  m_ObjectHideFlags: 0
  m_PrefabParentObject: {fileID: 0}
  m_PrefabInternal: {fileID: 0}
  m_GameObject: {fileID: 0}
  m_Enabled: 1
  m_EditorHideFlags: 0
  m_Script: {fileID: 11500000, guid: fecb8ef7f94ca804a8ab72049b86782e, type: 3}
  m_Name: 
  m_EditorClassIdentifier: 
  Name: RoundWin
  Min: 0
  Max: 3
  Default: 0
--- !u!114 &114388117666006210
MonoBehaviour:
  m_ObjectHideFlags: 0
  m_PrefabParentObject: {fileID: 0}
  m_PrefabInternal: {fileID: 0}
  m_GameObject: {fileID: 0}
  m_Enabled: 1
  m_EditorHideFlags: 0
  m_Script: {fileID: 11500000, guid: fecb8ef7f94ca804a8ab72049b86782e, type: 3}
  m_Name: 
  m_EditorClassIdentifier: 
  Name: RoundWin
  Min: 0
  Max: 3
  Default: 0
--- !u!114 &114404873606771412
MonoBehaviour:
  m_ObjectHideFlags: 0
  m_PrefabParentObject: {fileID: 0}
  m_PrefabInternal: {fileID: 0}
  m_GameObject: {fileID: 0}
  m_Enabled: 1
  m_EditorHideFlags: 0
  m_Script: {fileID: 11500000, guid: fecb8ef7f94ca804a8ab72049b86782e, type: 3}
  m_Name: 
  m_EditorClassIdentifier: 
  Name: RoundWin
  Min: 0
  Max: 3
  Default: 0
--- !u!114 &114412372248357624
MonoBehaviour:
  m_ObjectHideFlags: 0
  m_PrefabParentObject: {fileID: 0}
  m_PrefabInternal: {fileID: 0}
  m_GameObject: {fileID: 0}
  m_Enabled: 1
  m_EditorHideFlags: 0
  m_Script: {fileID: 11500000, guid: fecb8ef7f94ca804a8ab72049b86782e, type: 3}
  m_Name: 
  m_EditorClassIdentifier: 
  Name: WinCondition
  Min: 0
  Max: 4
  Default: 0
--- !u!114 &114419943630120396
MonoBehaviour:
  m_ObjectHideFlags: 0
  m_PrefabParentObject: {fileID: 0}
  m_PrefabInternal: {fileID: 0}
  m_GameObject: {fileID: 0}
  m_Enabled: 1
  m_EditorHideFlags: 0
  m_Script: {fileID: 11500000, guid: fecb8ef7f94ca804a8ab72049b86782e, type: 3}
  m_Name: 
  m_EditorClassIdentifier: 
  Name: RoundWin
  Min: 0
  Max: 3
  Default: 0
--- !u!114 &114419944997080482
MonoBehaviour:
  m_ObjectHideFlags: 0
  m_PrefabParentObject: {fileID: 0}
  m_PrefabInternal: {fileID: 0}
  m_GameObject: {fileID: 0}
  m_Enabled: 1
  m_EditorHideFlags: 0
  m_Script: {fileID: 11500000, guid: c18180ecb35941f4682ae60107b85b7c, type: 3}
  m_Name: 
  m_EditorClassIdentifier: 
  Path: Assets\Sound\GGJ18\Build\Desktop\Master Bank.strings.bank
  lastModified: 636527367282296563
  LoadResult: 0
  FileSizes:
  - Name: Desktop
    Value: 716
  Exists: 1
--- !u!114 &114425319300718066
MonoBehaviour:
  m_ObjectHideFlags: 0
  m_PrefabParentObject: {fileID: 0}
  m_PrefabInternal: {fileID: 0}
  m_GameObject: {fileID: 0}
  m_Enabled: 1
  m_EditorHideFlags: 0
  m_Script: {fileID: 11500000, guid: fecb8ef7f94ca804a8ab72049b86782e, type: 3}
  m_Name: 
  m_EditorClassIdentifier: 
  Name: ElectroPoints
  Min: 0
  Max: 15
  Default: 0
--- !u!114 &114433025095406698
MonoBehaviour:
  m_ObjectHideFlags: 0
  m_PrefabParentObject: {fileID: 0}
  m_PrefabInternal: {fileID: 0}
  m_GameObject: {fileID: 0}
  m_Enabled: 1
  m_EditorHideFlags: 0
  m_Script: {fileID: 11500000, guid: fecb8ef7f94ca804a8ab72049b86782e, type: 3}
  m_Name: 
  m_EditorClassIdentifier: 
  Name: ElectroPoints
  Min: 0
  Max: 10
  Default: 0
--- !u!114 &114441897194841214
MonoBehaviour:
  m_ObjectHideFlags: 0
  m_PrefabParentObject: {fileID: 0}
  m_PrefabInternal: {fileID: 0}
  m_GameObject: {fileID: 0}
  m_Enabled: 1
  m_EditorHideFlags: 0
  m_Script: {fileID: 11500000, guid: fecb8ef7f94ca804a8ab72049b86782e, type: 3}
  m_Name: 
  m_EditorClassIdentifier: 
  Name: ClassicalPoints
  Min: 0
  Max: 10
  Default: 0
--- !u!114 &114444288850901958
MonoBehaviour:
  m_ObjectHideFlags: 0
  m_PrefabParentObject: {fileID: 0}
  m_PrefabInternal: {fileID: 0}
  m_GameObject: {fileID: 0}
  m_Enabled: 1
  m_EditorHideFlags: 0
  m_Script: {fileID: 11500000, guid: fecb8ef7f94ca804a8ab72049b86782e, type: 3}
  m_Name: 
  m_EditorClassIdentifier: 
  Name: ElectroPoints
  Min: 0
  Max: 20
  Default: 0
--- !u!114 &114480171529197272
MonoBehaviour:
  m_ObjectHideFlags: 0
  m_PrefabParentObject: {fileID: 0}
  m_PrefabInternal: {fileID: 0}
  m_GameObject: {fileID: 0}
  m_Enabled: 1
  m_EditorHideFlags: 0
  m_Script: {fileID: 11500000, guid: fecb8ef7f94ca804a8ab72049b86782e, type: 3}
  m_Name: 
  m_EditorClassIdentifier: 
  Name: WinCondition
  Min: 0
  Max: 2
  Default: 0
--- !u!114 &114481737483508692
MonoBehaviour:
  m_ObjectHideFlags: 0
  m_PrefabParentObject: {fileID: 0}
  m_PrefabInternal: {fileID: 0}
  m_GameObject: {fileID: 0}
  m_Enabled: 1
  m_EditorHideFlags: 0
  m_Script: {fileID: 11500000, guid: fecb8ef7f94ca804a8ab72049b86782e, type: 3}
  m_Name: 
  m_EditorClassIdentifier: 
  Name: ClassicalPoints
  Min: 0
  Max: 15
  Default: 0
--- !u!114 &114485401751367928
MonoBehaviour:
  m_ObjectHideFlags: 0
  m_PrefabParentObject: {fileID: 0}
  m_PrefabInternal: {fileID: 0}
  m_GameObject: {fileID: 0}
  m_Enabled: 1
  m_EditorHideFlags: 0
  m_Script: {fileID: 11500000, guid: fecb8ef7f94ca804a8ab72049b86782e, type: 3}
  m_Name: 
  m_EditorClassIdentifier: 
  Name: Classical Points
  Min: 0
  Max: 20
  Default: 0
--- !u!114 &114492708450310130
MonoBehaviour:
  m_ObjectHideFlags: 0
  m_PrefabParentObject: {fileID: 0}
  m_PrefabInternal: {fileID: 0}
  m_GameObject: {fileID: 0}
  m_Enabled: 1
  m_EditorHideFlags: 0
  m_Script: {fileID: 11500000, guid: fecb8ef7f94ca804a8ab72049b86782e, type: 3}
  m_Name: 
  m_EditorClassIdentifier: 
  Name: ClassicalPoints
  Min: 0
  Max: 15
  Default: 0
--- !u!114 &114494588982974244
MonoBehaviour:
  m_ObjectHideFlags: 0
  m_PrefabParentObject: {fileID: 0}
  m_PrefabInternal: {fileID: 0}
  m_GameObject: {fileID: 0}
  m_Enabled: 1
  m_EditorHideFlags: 0
  m_Script: {fileID: 11500000, guid: fecb8ef7f94ca804a8ab72049b86782e, type: 3}
  m_Name: 
  m_EditorClassIdentifier: 
  Name: ElectroPoints
  Min: 0
  Max: 10
  Default: 0
--- !u!114 &114495896166420394
MonoBehaviour:
  m_ObjectHideFlags: 0
  m_PrefabParentObject: {fileID: 0}
  m_PrefabInternal: {fileID: 0}
  m_GameObject: {fileID: 0}
  m_Enabled: 1
  m_EditorHideFlags: 0
  m_Script: {fileID: 11500000, guid: c18180ecb35941f4682ae60107b85b7c, type: 3}
  m_Name: 
  m_EditorClassIdentifier: 
  Path: C:\Users\gamejam\Desktop\GGJ18\Build\Desktop\Master Bank.strings.bank
  lastModified: 636526711527180477
  LoadResult: 0
  FileSizes:
  - Name: Desktop
    Value: 716
  Exists: 1
--- !u!114 &114518783882456738
MonoBehaviour:
  m_ObjectHideFlags: 0
  m_PrefabParentObject: {fileID: 0}
  m_PrefabInternal: {fileID: 0}
  m_GameObject: {fileID: 0}
  m_Enabled: 1
  m_EditorHideFlags: 0
  m_Script: {fileID: 11500000, guid: fecb8ef7f94ca804a8ab72049b86782e, type: 3}
  m_Name: 
  m_EditorClassIdentifier: 
  Name: ClassicalPoints
  Min: 0
  Max: 10
  Default: 0
--- !u!114 &114527085677722960
MonoBehaviour:
  m_ObjectHideFlags: 0
  m_PrefabParentObject: {fileID: 0}
  m_PrefabInternal: {fileID: 0}
  m_GameObject: {fileID: 0}
  m_Enabled: 1
  m_EditorHideFlags: 0
  m_Script: {fileID: 11500000, guid: fecb8ef7f94ca804a8ab72049b86782e, type: 3}
  m_Name: 
  m_EditorClassIdentifier: 
  Name: RoundWin
  Min: 0
  Max: 2
  Default: 0
--- !u!114 &114533340068860330
MonoBehaviour:
  m_ObjectHideFlags: 0
  m_PrefabParentObject: {fileID: 0}
  m_PrefabInternal: {fileID: 0}
  m_GameObject: {fileID: 0}
  m_Enabled: 1
  m_EditorHideFlags: 0
  m_Script: {fileID: 11500000, guid: fecb8ef7f94ca804a8ab72049b86782e, type: 3}
  m_Name: 
  m_EditorClassIdentifier: 
  Name: ClassicalPoints
  Min: 0
  Max: 10
  Default: 0
--- !u!114 &114544156386916184
MonoBehaviour:
  m_ObjectHideFlags: 0
  m_PrefabParentObject: {fileID: 0}
  m_PrefabInternal: {fileID: 0}
  m_GameObject: {fileID: 0}
  m_Enabled: 1
  m_EditorHideFlags: 0
  m_Script: {fileID: 11500000, guid: fecb8ef7f94ca804a8ab72049b86782e, type: 3}
  m_Name: 
  m_EditorClassIdentifier: 
  Name: ElectroPoints
  Min: 0
  Max: 15
  Default: 0
--- !u!114 &114548585580053530
MonoBehaviour:
  m_ObjectHideFlags: 0
  m_PrefabParentObject: {fileID: 0}
  m_PrefabInternal: {fileID: 0}
  m_GameObject: {fileID: 0}
  m_Enabled: 1
  m_EditorHideFlags: 0
  m_Script: {fileID: 11500000, guid: fecb8ef7f94ca804a8ab72049b86782e, type: 3}
  m_Name: 
  m_EditorClassIdentifier: 
  Name: ClassicalPoints
  Min: 0
  Max: 10
  Default: 0
--- !u!114 &114553318632184886
MonoBehaviour:
  m_ObjectHideFlags: 0
  m_PrefabParentObject: {fileID: 0}
  m_PrefabInternal: {fileID: 0}
  m_GameObject: {fileID: 0}
  m_Enabled: 1
  m_EditorHideFlags: 0
  m_Script: {fileID: 11500000, guid: fecb8ef7f94ca804a8ab72049b86782e, type: 3}
  m_Name: 
  m_EditorClassIdentifier: 
  Name: ClassicalPoints
  Min: 0
  Max: 10
  Default: 0
--- !u!114 &114554674340540228
MonoBehaviour:
  m_ObjectHideFlags: 0
  m_PrefabParentObject: {fileID: 0}
  m_PrefabInternal: {fileID: 0}
  m_GameObject: {fileID: 0}
  m_Enabled: 1
  m_EditorHideFlags: 0
  m_Script: {fileID: 11500000, guid: fecb8ef7f94ca804a8ab72049b86782e, type: 3}
  m_Name: 
  m_EditorClassIdentifier: 
  Name: WinCondition
  Min: 0
  Max: 4
  Default: 0
--- !u!114 &114557333124688706
MonoBehaviour:
  m_ObjectHideFlags: 0
  m_PrefabParentObject: {fileID: 0}
  m_PrefabInternal: {fileID: 0}
  m_GameObject: {fileID: 0}
  m_Enabled: 1
  m_EditorHideFlags: 0
  m_Script: {fileID: 11500000, guid: fecb8ef7f94ca804a8ab72049b86782e, type: 3}
  m_Name: 
  m_EditorClassIdentifier: 
  Name: RoundWin
  Min: 0
  Max: 3
  Default: 0
--- !u!114 &114558151380726488
MonoBehaviour:
  m_ObjectHideFlags: 0
  m_PrefabParentObject: {fileID: 0}
  m_PrefabInternal: {fileID: 0}
  m_GameObject: {fileID: 0}
  m_Enabled: 1
  m_EditorHideFlags: 0
  m_Script: {fileID: 11500000, guid: fecb8ef7f94ca804a8ab72049b86782e, type: 3}
  m_Name: 
  m_EditorClassIdentifier: 
  Name: RoundWin
  Min: 0
  Max: 3
  Default: 0
--- !u!114 &114571730286544018
MonoBehaviour:
  m_ObjectHideFlags: 0
  m_PrefabParentObject: {fileID: 0}
  m_PrefabInternal: {fileID: 0}
  m_GameObject: {fileID: 0}
  m_Enabled: 1
  m_EditorHideFlags: 0
  m_Script: {fileID: 11500000, guid: fecb8ef7f94ca804a8ab72049b86782e, type: 3}
  m_Name: 
  m_EditorClassIdentifier: 
  Name: ClassicalPoints
  Min: 0
  Max: 15
  Default: 0
--- !u!114 &114572161376323676
MonoBehaviour:
  m_ObjectHideFlags: 0
  m_PrefabParentObject: {fileID: 0}
  m_PrefabInternal: {fileID: 0}
  m_GameObject: {fileID: 0}
  m_Enabled: 1
  m_EditorHideFlags: 0
  m_Script: {fileID: 11500000, guid: fecb8ef7f94ca804a8ab72049b86782e, type: 3}
  m_Name: 
  m_EditorClassIdentifier: 
  Name: ClassicalPoints
  Min: 0
  Max: 10
  Default: 0
--- !u!114 &114582060475759098
MonoBehaviour:
  m_ObjectHideFlags: 0
  m_PrefabParentObject: {fileID: 0}
  m_PrefabInternal: {fileID: 0}
  m_GameObject: {fileID: 0}
  m_Enabled: 1
  m_EditorHideFlags: 0
  m_Script: {fileID: 11500000, guid: fecb8ef7f94ca804a8ab72049b86782e, type: 3}
  m_Name: 
  m_EditorClassIdentifier: 
  Name: ElectroPoints
  Min: 0
  Max: 15
  Default: 0
--- !u!114 &114590722593653974
MonoBehaviour:
  m_ObjectHideFlags: 0
  m_PrefabParentObject: {fileID: 0}
  m_PrefabInternal: {fileID: 0}
  m_GameObject: {fileID: 0}
  m_Enabled: 1
  m_EditorHideFlags: 0
  m_Script: {fileID: 11500000, guid: fecb8ef7f94ca804a8ab72049b86782e, type: 3}
  m_Name: 
  m_EditorClassIdentifier: 
  Name: ElectroPoints
  Min: 0
  Max: 15
  Default: 0
--- !u!114 &114604052261010358
MonoBehaviour:
  m_ObjectHideFlags: 0
  m_PrefabParentObject: {fileID: 0}
  m_PrefabInternal: {fileID: 0}
  m_GameObject: {fileID: 0}
  m_Enabled: 1
  m_EditorHideFlags: 0
  m_Script: {fileID: 11500000, guid: fecb8ef7f94ca804a8ab72049b86782e, type: 3}
  m_Name: 
  m_EditorClassIdentifier: 
  Name: ClassicalPoints
  Min: 0
  Max: 10
  Default: 0
--- !u!114 &114614182035484200
MonoBehaviour:
  m_ObjectHideFlags: 0
  m_PrefabParentObject: {fileID: 0}
  m_PrefabInternal: {fileID: 0}
  m_GameObject: {fileID: 0}
  m_Enabled: 1
  m_EditorHideFlags: 0
  m_Script: {fileID: 11500000, guid: fecb8ef7f94ca804a8ab72049b86782e, type: 3}
  m_Name: 
  m_EditorClassIdentifier: 
  Name: WinCondition
  Min: 0
  Max: 4
  Default: 0
--- !u!114 &114628625888475660
MonoBehaviour:
  m_ObjectHideFlags: 0
  m_PrefabParentObject: {fileID: 0}
  m_PrefabInternal: {fileID: 0}
  m_GameObject: {fileID: 0}
  m_Enabled: 1
  m_EditorHideFlags: 0
  m_Script: {fileID: 11500000, guid: fecb8ef7f94ca804a8ab72049b86782e, type: 3}
  m_Name: 
  m_EditorClassIdentifier: 
  Name: ClassicalPoints
  Min: 0
  Max: 20
  Default: 0
--- !u!114 &114628988680168514
MonoBehaviour:
  m_ObjectHideFlags: 0
  m_PrefabParentObject: {fileID: 0}
  m_PrefabInternal: {fileID: 0}
  m_GameObject: {fileID: 0}
  m_Enabled: 1
  m_EditorHideFlags: 0
  m_Script: {fileID: 11500000, guid: fecb8ef7f94ca804a8ab72049b86782e, type: 3}
  m_Name: 
  m_EditorClassIdentifier: 
  Name: WinCondition
  Min: 0
  Max: 4
  Default: 0
--- !u!114 &114629818178824220
MonoBehaviour:
  m_ObjectHideFlags: 0
  m_PrefabParentObject: {fileID: 0}
  m_PrefabInternal: {fileID: 0}
  m_GameObject: {fileID: 0}
  m_Enabled: 1
  m_EditorHideFlags: 0
  m_Script: {fileID: 11500000, guid: fecb8ef7f94ca804a8ab72049b86782e, type: 3}
  m_Name: 
  m_EditorClassIdentifier: 
  Name: ElectroPoints
  Min: 0
  Max: 15
  Default: 0
--- !u!114 &114633930145782290
MonoBehaviour:
  m_ObjectHideFlags: 0
  m_PrefabParentObject: {fileID: 0}
  m_PrefabInternal: {fileID: 0}
  m_GameObject: {fileID: 0}
  m_Enabled: 1
  m_EditorHideFlags: 0
  m_Script: {fileID: 11500000, guid: fecb8ef7f94ca804a8ab72049b86782e, type: 3}
  m_Name: 
  m_EditorClassIdentifier: 
  Name: ElectroPoints
  Min: 0
  Max: 10
  Default: 0
--- !u!114 &114639622541517156
MonoBehaviour:
  m_ObjectHideFlags: 0
  m_PrefabParentObject: {fileID: 0}
  m_PrefabInternal: {fileID: 0}
  m_GameObject: {fileID: 0}
  m_Enabled: 1
  m_EditorHideFlags: 0
  m_Script: {fileID: 11500000, guid: fecb8ef7f94ca804a8ab72049b86782e, type: 3}
  m_Name: 
  m_EditorClassIdentifier: 
  Name: RoundWin
  Min: 0
  Max: 2
  Default: 0
--- !u!114 &114654331778663270
MonoBehaviour:
  m_ObjectHideFlags: 0
  m_PrefabParentObject: {fileID: 0}
  m_PrefabInternal: {fileID: 0}
  m_GameObject: {fileID: 0}
  m_Enabled: 1
  m_EditorHideFlags: 0
  m_Script: {fileID: 11500000, guid: fecb8ef7f94ca804a8ab72049b86782e, type: 3}
  m_Name: 
  m_EditorClassIdentifier: 
  Name: WinCondition
  Min: 0
  Max: 4
  Default: 0
--- !u!114 &114684758730053694
MonoBehaviour:
  m_ObjectHideFlags: 0
  m_PrefabParentObject: {fileID: 0}
  m_PrefabInternal: {fileID: 0}
  m_GameObject: {fileID: 0}
  m_Enabled: 1
  m_EditorHideFlags: 0
  m_Script: {fileID: 11500000, guid: fecb8ef7f94ca804a8ab72049b86782e, type: 3}
  m_Name: 
  m_EditorClassIdentifier: 
  Name: ClassicalPoints
  Min: 0
  Max: 10
  Default: 0
--- !u!114 &114685454700940196
MonoBehaviour:
  m_ObjectHideFlags: 0
  m_PrefabParentObject: {fileID: 0}
  m_PrefabInternal: {fileID: 0}
  m_GameObject: {fileID: 0}
  m_Enabled: 1
  m_EditorHideFlags: 0
  m_Script: {fileID: 11500000, guid: fecb8ef7f94ca804a8ab72049b86782e, type: 3}
  m_Name: 
  m_EditorClassIdentifier: 
  Name: ElectroPoints
  Min: 0
  Max: 10
  Default: 0
--- !u!114 &114702446958184844
MonoBehaviour:
  m_ObjectHideFlags: 0
  m_PrefabParentObject: {fileID: 0}
  m_PrefabInternal: {fileID: 0}
  m_GameObject: {fileID: 0}
  m_Enabled: 1
  m_EditorHideFlags: 0
  m_Script: {fileID: 11500000, guid: fecb8ef7f94ca804a8ab72049b86782e, type: 3}
  m_Name: 
  m_EditorClassIdentifier: 
  Name: WinCondition
  Min: 0
  Max: 4
  Default: 0
--- !u!114 &114713136052726446
MonoBehaviour:
  m_ObjectHideFlags: 0
  m_PrefabParentObject: {fileID: 0}
  m_PrefabInternal: {fileID: 0}
  m_GameObject: {fileID: 0}
  m_Enabled: 1
  m_EditorHideFlags: 0
  m_Script: {fileID: 11500000, guid: fecb8ef7f94ca804a8ab72049b86782e, type: 3}
  m_Name: 
  m_EditorClassIdentifier: 
  Name: ClassicalPoints
  Min: 0
  Max: 10
  Default: 0
--- !u!114 &114730362730104762
MonoBehaviour:
  m_ObjectHideFlags: 0
  m_PrefabParentObject: {fileID: 0}
  m_PrefabInternal: {fileID: 0}
  m_GameObject: {fileID: 0}
  m_Enabled: 1
  m_EditorHideFlags: 0
  m_Script: {fileID: 11500000, guid: fecb8ef7f94ca804a8ab72049b86782e, type: 3}
  m_Name: 
  m_EditorClassIdentifier: 
  Name: RoundWin
  Min: 0
  Max: 2
  Default: 0
--- !u!114 &114757970354322800
MonoBehaviour:
  m_ObjectHideFlags: 0
  m_PrefabParentObject: {fileID: 0}
  m_PrefabInternal: {fileID: 0}
  m_GameObject: {fileID: 0}
  m_Enabled: 1
  m_EditorHideFlags: 0
  m_Script: {fileID: 11500000, guid: fecb8ef7f94ca804a8ab72049b86782e, type: 3}
  m_Name: 
  m_EditorClassIdentifier: 
  Name: ElectroPoints
  Min: 0
  Max: 15
  Default: 0
--- !u!114 &114774574605548058
MonoBehaviour:
  m_ObjectHideFlags: 0
  m_PrefabParentObject: {fileID: 0}
  m_PrefabInternal: {fileID: 0}
  m_GameObject: {fileID: 0}
  m_Enabled: 1
  m_EditorHideFlags: 0
  m_Script: {fileID: 11500000, guid: fecb8ef7f94ca804a8ab72049b86782e, type: 3}
  m_Name: 
  m_EditorClassIdentifier: 
  Name: RoundWin
  Min: 0
  Max: 3
  Default: 0
--- !u!114 &114785398980759840
MonoBehaviour:
  m_ObjectHideFlags: 0
  m_PrefabParentObject: {fileID: 0}
  m_PrefabInternal: {fileID: 0}
  m_GameObject: {fileID: 0}
  m_Enabled: 1
  m_EditorHideFlags: 0
  m_Script: {fileID: 11500000, guid: fecb8ef7f94ca804a8ab72049b86782e, type: 3}
  m_Name: 
  m_EditorClassIdentifier: 
  Name: ElectroPoints
  Min: 0
  Max: 15
  Default: 0
--- !u!114 &114785470385599820
MonoBehaviour:
  m_ObjectHideFlags: 0
  m_PrefabParentObject: {fileID: 0}
  m_PrefabInternal: {fileID: 0}
  m_GameObject: {fileID: 0}
  m_Enabled: 1
  m_EditorHideFlags: 0
  m_Script: {fileID: 11500000, guid: fecb8ef7f94ca804a8ab72049b86782e, type: 3}
  m_Name: 
  m_EditorClassIdentifier: 
  Name: ElectroPoints
  Min: 0
  Max: 20
  Default: 0
--- !u!114 &114786177628039864
MonoBehaviour:
  m_ObjectHideFlags: 0
  m_PrefabParentObject: {fileID: 0}
  m_PrefabInternal: {fileID: 0}
  m_GameObject: {fileID: 0}
  m_Enabled: 1
  m_EditorHideFlags: 0
  m_Script: {fileID: 11500000, guid: fecb8ef7f94ca804a8ab72049b86782e, type: 3}
  m_Name: 
  m_EditorClassIdentifier: 
  Name: ClassicalPoints
  Min: 0
  Max: 10
  Default: 0
--- !u!114 &114787632018900772
MonoBehaviour:
  m_ObjectHideFlags: 0
  m_PrefabParentObject: {fileID: 0}
  m_PrefabInternal: {fileID: 0}
  m_GameObject: {fileID: 0}
  m_Enabled: 1
  m_EditorHideFlags: 0
  m_Script: {fileID: 11500000, guid: fecb8ef7f94ca804a8ab72049b86782e, type: 3}
  m_Name: 
  m_EditorClassIdentifier: 
  Name: RoundWin
  Min: 0
  Max: 3
  Default: 0
--- !u!114 &114800381639353292
MonoBehaviour:
  m_ObjectHideFlags: 0
  m_PrefabParentObject: {fileID: 0}
  m_PrefabInternal: {fileID: 0}
  m_GameObject: {fileID: 0}
  m_Enabled: 1
  m_EditorHideFlags: 0
  m_Script: {fileID: 11500000, guid: fecb8ef7f94ca804a8ab72049b86782e, type: 3}
  m_Name: 
  m_EditorClassIdentifier: 
  Name: RoundWin
  Min: 0
  Max: 2
  Default: 0
--- !u!114 &114855321449171778
MonoBehaviour:
  m_ObjectHideFlags: 0
  m_PrefabParentObject: {fileID: 0}
  m_PrefabInternal: {fileID: 0}
  m_GameObject: {fileID: 0}
  m_Enabled: 1
  m_EditorHideFlags: 0
  m_Script: {fileID: 11500000, guid: fecb8ef7f94ca804a8ab72049b86782e, type: 3}
  m_Name: 
  m_EditorClassIdentifier: 
  Name: WinCondition
  Min: 0
  Max: 4
  Default: 0
--- !u!114 &114862444594940316
MonoBehaviour:
  m_ObjectHideFlags: 0
  m_PrefabParentObject: {fileID: 0}
  m_PrefabInternal: {fileID: 0}
  m_GameObject: {fileID: 0}
  m_Enabled: 1
  m_EditorHideFlags: 0
  m_Script: {fileID: 11500000, guid: fecb8ef7f94ca804a8ab72049b86782e, type: 3}
  m_Name: 
  m_EditorClassIdentifier: 
  Name: WinCondition
  Min: 0
  Max: 4
  Default: 0
--- !u!114 &114875172907098086
MonoBehaviour:
  m_ObjectHideFlags: 0
  m_PrefabParentObject: {fileID: 0}
  m_PrefabInternal: {fileID: 0}
  m_GameObject: {fileID: 0}
  m_Enabled: 1
  m_EditorHideFlags: 0
  m_Script: {fileID: 11500000, guid: fecb8ef7f94ca804a8ab72049b86782e, type: 3}
  m_Name: 
  m_EditorClassIdentifier: 
  Name: ElectroPoints
  Min: 0
  Max: 10
  Default: 0
--- !u!114 &114880761229773338
MonoBehaviour:
  m_ObjectHideFlags: 0
  m_PrefabParentObject: {fileID: 0}
  m_PrefabInternal: {fileID: 0}
  m_GameObject: {fileID: 0}
  m_Enabled: 1
  m_EditorHideFlags: 0
  m_Script: {fileID: 11500000, guid: fecb8ef7f94ca804a8ab72049b86782e, type: 3}
  m_Name: 
  m_EditorClassIdentifier: 
  Name: WinCondition
  Min: 0
  Max: 4
  Default: 0
--- !u!114 &114881408454780502
MonoBehaviour:
  m_ObjectHideFlags: 0
  m_PrefabParentObject: {fileID: 0}
  m_PrefabInternal: {fileID: 0}
  m_GameObject: {fileID: 0}
  m_Enabled: 1
  m_EditorHideFlags: 0
  m_Script: {fileID: 11500000, guid: fecb8ef7f94ca804a8ab72049b86782e, type: 3}
  m_Name: 
  m_EditorClassIdentifier: 
  Name: WinCondition
  Min: 0
  Max: 4
  Default: 0
--- !u!114 &114908453092256146
MonoBehaviour:
  m_ObjectHideFlags: 0
  m_PrefabParentObject: {fileID: 0}
  m_PrefabInternal: {fileID: 0}
  m_GameObject: {fileID: 0}
  m_Enabled: 1
  m_EditorHideFlags: 0
  m_Script: {fileID: 11500000, guid: fecb8ef7f94ca804a8ab72049b86782e, type: 3}
  m_Name: 
  m_EditorClassIdentifier: 
  Name: ElectroPoints
  Min: 0
  Max: 15
  Default: 0
--- !u!114 &114908626538836772
MonoBehaviour:
  m_ObjectHideFlags: 0
  m_PrefabParentObject: {fileID: 0}
  m_PrefabInternal: {fileID: 0}
  m_GameObject: {fileID: 0}
  m_Enabled: 1
  m_EditorHideFlags: 0
  m_Script: {fileID: 11500000, guid: fecb8ef7f94ca804a8ab72049b86782e, type: 3}
  m_Name: 
  m_EditorClassIdentifier: 
  Name: ElectroPoints
  Min: 0
  Max: 10
  Default: 0
--- !u!114 &114911357594057584
MonoBehaviour:
  m_ObjectHideFlags: 0
  m_PrefabParentObject: {fileID: 0}
  m_PrefabInternal: {fileID: 0}
  m_GameObject: {fileID: 0}
  m_Enabled: 1
  m_EditorHideFlags: 0
  m_Script: {fileID: 11500000, guid: c18180ecb35941f4682ae60107b85b7c, type: 3}
  m_Name: 
  m_EditorClassIdentifier: 
  Path: C:\Users\gamejam\Documents\GlobalGameJam\ggj18\Radio Ricochet\Assets\Sound\GGJ18\Build\Desktop\Master
    Bank.bank
  lastModified: 636527391530882349
  LoadResult: 0
  FileSizes:
  - Name: Desktop
    Value: 2118272
  Exists: 1
--- !u!114 &114915862624603076
MonoBehaviour:
  m_ObjectHideFlags: 0
  m_PrefabParentObject: {fileID: 0}
  m_PrefabInternal: {fileID: 0}
  m_GameObject: {fileID: 0}
  m_Enabled: 1
  m_EditorHideFlags: 0
  m_Script: {fileID: 11500000, guid: fecb8ef7f94ca804a8ab72049b86782e, type: 3}
  m_Name: 
  m_EditorClassIdentifier: 
  Name: ElectroPoints
  Min: 0
  Max: 10
  Default: 0
--- !u!114 &114922136526778022
MonoBehaviour:
  m_ObjectHideFlags: 0
  m_PrefabParentObject: {fileID: 0}
  m_PrefabInternal: {fileID: 0}
  m_GameObject: {fileID: 0}
  m_Enabled: 1
  m_EditorHideFlags: 0
  m_Script: {fileID: 11500000, guid: c18180ecb35941f4682ae60107b85b7c, type: 3}
  m_Name: 
  m_EditorClassIdentifier: 
  Path: C:\Users\gamejam\Desktop\GGJ18\Build\Desktop\Master Bank.bank
  lastModified: 636526840484767891
  LoadResult: 0
  FileSizes:
  - Name: Desktop
    Value: 2118272
  Exists: 1
--- !u!114 &114923448776071370
MonoBehaviour:
  m_ObjectHideFlags: 0
  m_PrefabParentObject: {fileID: 0}
  m_PrefabInternal: {fileID: 0}
  m_GameObject: {fileID: 0}
  m_Enabled: 1
  m_EditorHideFlags: 0
  m_Script: {fileID: 11500000, guid: fecb8ef7f94ca804a8ab72049b86782e, type: 3}
  m_Name: 
  m_EditorClassIdentifier: 
  Name: WinCondition
  Min: 0
  Max: 4
  Default: 0
--- !u!114 &114932920875784548
MonoBehaviour:
  m_ObjectHideFlags: 0
  m_PrefabParentObject: {fileID: 0}
  m_PrefabInternal: {fileID: 0}
  m_GameObject: {fileID: 0}
  m_Enabled: 1
  m_EditorHideFlags: 0
  m_Script: {fileID: 11500000, guid: fecb8ef7f94ca804a8ab72049b86782e, type: 3}
  m_Name: 
  m_EditorClassIdentifier: 
  Name: ClassicalPoints
  Min: 0
  Max: 15
  Default: 0
--- !u!114 &114934597716167404
MonoBehaviour:
  m_ObjectHideFlags: 0
  m_PrefabParentObject: {fileID: 0}
  m_PrefabInternal: {fileID: 0}
  m_GameObject: {fileID: 0}
  m_Enabled: 1
  m_EditorHideFlags: 0
  m_Script: {fileID: 11500000, guid: fecb8ef7f94ca804a8ab72049b86782e, type: 3}
  m_Name: 
  m_EditorClassIdentifier: 
  Name: ElectroPoints
  Min: 0
  Max: 10
  Default: 0
--- !u!114 &114942353340667676
MonoBehaviour:
  m_ObjectHideFlags: 0
  m_PrefabParentObject: {fileID: 0}
  m_PrefabInternal: {fileID: 0}
  m_GameObject: {fileID: 0}
  m_Enabled: 1
  m_EditorHideFlags: 0
  m_Script: {fileID: 11500000, guid: fecb8ef7f94ca804a8ab72049b86782e, type: 3}
  m_Name: 
  m_EditorClassIdentifier: 
  Name: ElectroPoints
  Min: 0
  Max: 15
  Default: 0
--- !u!114 &114952215425632998
MonoBehaviour:
  m_ObjectHideFlags: 0
  m_PrefabParentObject: {fileID: 0}
  m_PrefabInternal: {fileID: 0}
  m_GameObject: {fileID: 0}
  m_Enabled: 1
  m_EditorHideFlags: 0
  m_Script: {fileID: 11500000, guid: fecb8ef7f94ca804a8ab72049b86782e, type: 3}
  m_Name: 
  m_EditorClassIdentifier: 
  Name: ElectroPoints
  Min: 0
  Max: 10
  Default: 0
--- !u!114 &114954508158197914
MonoBehaviour:
  m_ObjectHideFlags: 0
  m_PrefabParentObject: {fileID: 0}
  m_PrefabInternal: {fileID: 0}
  m_GameObject: {fileID: 0}
  m_Enabled: 1
  m_EditorHideFlags: 0
  m_Script: {fileID: 11500000, guid: fecb8ef7f94ca804a8ab72049b86782e, type: 3}
  m_Name: 
  m_EditorClassIdentifier: 
  Name: RoundWin
  Min: 0
  Max: 2
  Default: 0
--- !u!114 &114975623822205186
MonoBehaviour:
  m_ObjectHideFlags: 0
  m_PrefabParentObject: {fileID: 0}
  m_PrefabInternal: {fileID: 0}
  m_GameObject: {fileID: 0}
  m_Enabled: 1
  m_EditorHideFlags: 0
  m_Script: {fileID: 11500000, guid: fecb8ef7f94ca804a8ab72049b86782e, type: 3}
  m_Name: 
  m_EditorClassIdentifier: 
  Name: WinCondition
  Min: 0
  Max: 4
  Default: 0
--- !u!114 &114976249609126652
MonoBehaviour:
  m_ObjectHideFlags: 0
  m_PrefabParentObject: {fileID: 0}
  m_PrefabInternal: {fileID: 0}
  m_GameObject: {fileID: 0}
  m_Enabled: 1
  m_EditorHideFlags: 0
  m_Script: {fileID: 11500000, guid: c18180ecb35941f4682ae60107b85b7c, type: 3}
  m_Name: 
  m_EditorClassIdentifier: 
  Path: C:\Users\gamejam\Desktop\GGJ18\Build\Desktop\Master Bank.strings.bank
  lastModified: 636526840484777891
  LoadResult: 0
  FileSizes:
  - Name: Desktop
    Value: 716
  Exists: 1
--- !u!114 &114985507512078994
MonoBehaviour:
  m_ObjectHideFlags: 0
  m_PrefabParentObject: {fileID: 0}
  m_PrefabInternal: {fileID: 0}
  m_GameObject: {fileID: 0}
  m_Enabled: 1
  m_EditorHideFlags: 0
  m_Script: {fileID: 11500000, guid: fecb8ef7f94ca804a8ab72049b86782e, type: 3}
  m_Name: 
  m_EditorClassIdentifier: 
  Name: ClassicalPoints
  Min: 0
  Max: 10
  Default: 0
--- !u!114 &114988723881742360
MonoBehaviour:
  m_ObjectHideFlags: 0
  m_PrefabParentObject: {fileID: 0}
  m_PrefabInternal: {fileID: 0}
  m_GameObject: {fileID: 0}
  m_Enabled: 1
  m_EditorHideFlags: 0
  m_Script: {fileID: 11500000, guid: fecb8ef7f94ca804a8ab72049b86782e, type: 3}
  m_Name: 
  m_EditorClassIdentifier: 
  Name: RoundWin
  Min: 0
  Max: 3
  Default: 0
--- !u!114 &114991526379115010
MonoBehaviour:
  m_ObjectHideFlags: 0
  m_PrefabParentObject: {fileID: 0}
  m_PrefabInternal: {fileID: 0}
  m_GameObject: {fileID: 0}
  m_Enabled: 1
  m_EditorHideFlags: 0
  m_Script: {fileID: 11500000, guid: fecb8ef7f94ca804a8ab72049b86782e, type: 3}
  m_Name: 
  m_EditorClassIdentifier: 
  Name: ClassicalPoints
  Min: 0
  Max: 15
  Default: 0
